AoeStats
← _LY_抖音肥龙

African Clearing

506867901Analyzed
4v4 RM · 16d ago on Sep 15, 2026· 34m 8s· 8 players
Game mode
Random Map
Map size
Large (8 player)
Population
200
Speed
Normal
Resources
Standard
Victory
Conquest
Starting age
Dark Age
Ending age
Imperial Age
RankedLock teamsTeams togetherTeam positionsShared explorationLock speedFull tech treeHidden civsTurbo modeCheats
Victory
Defeat
🇭🇰 Georgians · Hong Kong SAR China
1815
+11
🇭🇰 Italians · Hong Kong SAR China
1619
+18
🇭🇰 Bulgarians · Hong Kong SAR China
1563
+21
🇨🇳 Inca · China
1548
+21
🇨🇴 Vikings · Colombia
1704
-19
🇩🇪 Poles · Germany
1682
-18
🇩🇪 Chinese · Germany
1678
-18
🇦🇷 Teutons · Argentina
1634
-16
Asator
9:56 Loom
12:11 Feudal Age
12:55 Double-Bit Axe
13:44 Horse Collar
16:39 Wheelbarrow
21:03 Castle Age
20:34 Gold Mining
22:19 Bow Saw
30:59 Hand Cart
31:00 Stone Mining
ELEG | IronLeg
4:18 Loom
13:19 Feudal Age
17:45 Castle Age
16:56 Fletching
17:07 Padded Archer Armor
17:36 Double-Bit Axe
17:56 Crossbowman
20:15 Bodkin Arrow
27:31 Ballistics
33:14 Town Watch
Mojo Jojo
3:44 Loom
14:22 Feudal Age
18:18 Castle Age
16:14 Horse Collar
16:47 Double-Bit Axe
21:03 Heavy Plow
21:42 Gold Mining
23:38 Szlachta Privileges
26:52 Bloodlines
28:37 Scale Barding Armor
29:38 Chain Barding Armor
33:07 Husbandry
34:22 Wheelbarrow
🦌 Jolly Jumper
3:01 Loom
12:00 Feudal Age
16:10 Castle Age
14:27 Double-Bit Axe
15:17 Fishing Lines
15:39 Stone Mining
17:16 Bow Saw
17:19 Gillnets
21:48 Gold Mining
23:04 Fletching
28:02 Imperial Age
26:56 Bodkin Arrow
28:50 Bracer
29:24 Bracer
30:01 Padded Archer Armor
31:33 Leather Archer Armor
33:02 Ring Archer Armor
32:54 Conscription
yuyuyuyuyu
12:41 Feudal Age
13:28 Loom
14:07 Double-Bit Axe
16:31 Castle Age
15:37 Horse Collar
18:44 Wheelbarrow
18:57 Bow Saw
18:32 Horse Collar
22:58 Champi Runner
23:33 Town Watch
24:39 Heavy Plow
24:36 Stone Mining
24:41 Gold Mining
24:23 Champi Warrior
26:08 Scale Mail Armor
27:23 Chain Mail Armor
27:37 Squires
28:16 Forging
30:15 Hand Cart
31:49 Gold Shaft Mining
35:57 Imperial Age
34:58 Iron Casting
_LY_抖音肥龙
13:58 Feudal Age
14:45 Double-Bit Axe
17:42 Castle Age
16:30 Fishing Lines
18:38 Bow Saw
19:09 Loom
22:12 Fletching
25:28 Wheelbarrow
25:30 Town Watch
26:24 Gillnets
26:17 Horse Collar
28:43 Bodkin Arrow
29:25 Svan Towers
30:05 Guard Tower
30:36 Ballistics
30:56 Hand Cart
30:48 Treadmill Crane
35:35 Imperial Age
34:08 Heavy Plow
[Marty]TheEY
11:38 Feudal Age
12:21 Double-Bit Axe
12:30 Loom
14:36 Forging
16:13 Horse Collar
24:11 Castle Age
22:37 Gold Mining
23:12 Scale Barding Armor
23:31 Bloodlines
23:51 Fletching
24:51 Bodkin Arrow
24:19 Light Cavalry
26:38 Husbandry
30:23 Ballistics
30:04 Padded Archer Armor
32:52 Wheelbarrow
32:43 Bow Saw
Yan
11:05 Loom
13:54 Feudal Age
19:35 Castle Age
17:23 Double-Bit Axe
17:50 Fishing Lines
21:56 Bow Saw
23:53 Gold Mining
23:57 Stone Mining
25:17 Gillnets
26:08 Horse Collar
29:01 Gold Mining
30:39 Wheelbarrow
32:58 Imperial Age
30:20 Fletching
30:30 Padded Archer Armor
31:19 Stone Shaft Mining
31:23 Bodkin Arrow
31:57 Ballistics
32:30 Padded Archer Armor
34:06 Conscription
34:45 Thumb Ring
Connection lost

Rejoining the realm…

Still unreachable

The connection could not be restored.

Session expired

The server has moved on; the page needs a fresh start.